[Event "Fagernes Chess GM-Swiss 2025"]
[Site "Fagernes"]
[Date "2025.04.18"]
[Round "7.29"]
[White "Lilliehook, Victor"]
[Black "Arvola, Daniel"]
[Result "1/2-1/2"]
[Annotator "NA"]
[ECO "B82"]
[WhiteElo "1993"]
[BlackElo "2088"]
[PlyCount "85"]
[EventDate "2025.04.12"]
[EventCountry "NOR"]
[SourceTitle "playchess.com"]
[Source "ChessBase"]
[SourceQuality "1"]
[TimeControl "40/6000+30:2400+30"]

1. e4 c5 2. Nf3 d6 3. d4 cxd4 4. Nxd4 Nf6 5. Nc3 a6 6. f4 e6 7. Qf3 Qc7 8. g4 Nc6 9. Nxc6 bxc6 10. g5 Nd7 11. Be3 Rb8 12. Bc4 d5 13. Bb3 Bb4 14. exd5 Bxc3+ 15. bxc3 exd5 16. O-O O-O 17. Rae1 Bb7 18. f5 f6 19. Bf4 Qb6+ 20. Kh1 Rbe8 21. Bd6 fxg5 22. Bxf8 Rxf8 23. c4 Nf6 24. Re7 Qb4 25. c5 Bc8 26. Qe3 Qh4 27. Qe5 g4 28. c4 Qh3 29. Rf2 Qd3 30. cxd5 cxd5 31. Rc7 Kh8 32. Bc2 Qc4 33. Qe7 Rg8 34. a4 Qd4 35. Re2 Qf4 36. Re1 d4 37. Qe5 Qf3+ 38. Kg1 Bb7 39. Qg3 Qh1+ 40. Kf2 Qd5 41. Re5 Qh1 42. Re1 Qd5 43. Re5 1/2-1/2

[Event "Fagernes Chess GM-Swiss 2025"]
[Site "Fagernes"]
[Date "2025.04.18"]
[Round "7.30"]
[White "Ashwath Kaushik"]
[Black "Berget, Eirik"]
[Result "1/2-1/2"]
[Annotator "NA"]
[ECO "D30"]
[WhiteElo "1958"]
[BlackElo "2041"]
[PlyCount "104"]
[EventDate "2025.04.12"]
[EventCountry "NOR"]
[SourceTitle "playchess.com"]
[Source "ChessBase"]
[SourceQuality "1"]
[TimeControl "40/6000+30:2400+30"]

1. d4 Nf6 2. Nf3 e6 3. c4 d5 4. e3 c5 5. cxd5 exd5 6. Bb5+ Bd7 7. Bxd7+ Nbxd7 8. dxc5 Nxc5 9. O-O Bd6 10. b3 O-O 11. Nc3 Nce4 12. Bb2 Rc8 13. Ne2 Qd7 14. Bxf6 Nxf6 15. Qd3 Rfd8 16. Rfd1 Ne4 17. h3 h6 18. Nfd4 Qe7 19. f3 Nc5 20. Qd2 Bb8 21. Nc3 Qc7 22. Nf5 Qh2+ 23. Kf2 Qe5 24. Nxd5 Rd7 25. e4 Rcd8 26. Rac1 b6 27. b4 Rxd5 28. exd5 Qxf5 29. bxc5 Bf4 30. Qc2 Qe5 31. Qc3 Qg5 32. Rb1 Re8 33. Rd3 Qg3+ 34. Kf1 Qh2 35. Qd4 bxc5 36. Qxc5 Bc7 37. Qg1 Qe5 38. Qf2 Bb6 39. Qd2 Ba5 40. Qf2 Bb6 41. f4 Qf5 42. Qf3 Re3 43. Rxe3 Qxb1+ 44. Re1 Qb5+ 45. Qe2 Qc5 46. Qe8+ Kh7 47. Qe4+ g6 48. Ke2 Qf2+ 49. Kd1 Qxa2 50. f5 Qa1+ 51. Ke2 Qb2+ 52. Kd1 Qa1+ 1/2-1/2

[Event "Fagernes Chess GM-Swiss 2025"]
[Site "Fagernes"]
[Date "2025.04.18"]
[Round "7.31"]
[White "Haugen, Lars Tormod"]
[Black "Stromhaug, Kristoffer Wang"]
[Result "1-0"]
[Annotator "NA"]
[ECO "B70"]
[WhiteElo "1988"]
[BlackElo "2020"]
[PlyCount "97"]
[EventDate "2025.04.12"]
[EventCountry "NOR"]
[SourceTitle "playchess.com"]
[Source "ChessBase"]
[SourceQuality "1"]
[TimeControl "40/6000+30:2400+30"]

1. e4 c5 2. Nc3 g6 3. d4 Bg7 4. Nf3 cxd4 5. Nxd4 Nc6 6. Nxc6 bxc6 7. Bc4 d6 8. O-O Nf6 9. e5 dxe5 10. Qxd8+ Kxd8 11. Re1 Rf8 12. Rxe5 Nd5 13. Re2 Be6 14. Nxd5 Bxd5 15. Ba6 e5 16. Bd2 Rb8 17. c4 Be6 18. Ba5+ Ke7 19. Rd1 f5 20. Bc7 e4 21. b3 Kf7 22. Bxb8 Rxb8 23. c5 Bf8 24. Rc2 Bd5 25. Bc4 Ke6 26. Kf1 Rc8 27. b4 a5 28. a3 axb4 29. axb4 Rb8 30. Bxd5+ cxd5 31. Rb1 d4 32. b5 d3 33. Rc3 Bg7 34. Rcb3 Bd4 35. Rc1 Kd7 36. Rb4 Be5 37. g3 h5 38. h4 Kc7 39. Rcb1 Ra8 40. b6+ Kc6 41. b7 Rb8 42. Rb6+ Kxc5 43. Rxg6 Kd4 44. Re6 Bc7 45. Rc6 Be5 46. Rb4+ Kd5 47. Rc8 f4 48. Rb5+ Kd4 49. Rxe5 1-0

[Event "Fagernes Chess GM-Swiss 2025"]
[Site "Fagernes"]
[Date "2025.04.18"]
[Round "7.32"]
[White "Kaewpitakkun, Pantham"]
[Black "Wernberg, Nikolai Olsen"]
[Result "1-0"]
[Annotator "NA RC"]
[ECO "B47"]
[WhiteElo "2026"]
[BlackElo "1893"]
[PlyCount "67"]
[EventDate "2025.04.12"]
[EventCountry "NOR"]
[SourceTitle "playchess.com"]
[Source "ChessBase"]
[SourceQuality "1"]
[TimeControl "40/6000+30:2400+30"]

1. e4 c5 2. Nf3 e6 3. d4 cxd4 4. Nxd4 Nc6 5. Nc3 Qc7 6. g3 a6 7. Bg2 Nf6 8. O-O Nxd4 9. Qxd4 Bc5 10. Bf4 d6 11. Qd3 h6 12. Rad1 e5 13. Be3 Bg4 14. Bxc5 dxc5 15. Bf3 Bxf3 16. Qxf3 O-O 17. Nd5 Nxd5 18. Rxd5 Rad8 19. Rfd1 Rxd5 20. Rxd5 Rd8 21. c4 Rxd5 22. exd5 Qe7 23. Qe4 Qf6 24. a4 a5 25. Qg4 Kh7 26. Qe2 g6 27. Qd2 Qd6 28. Qxa5 e4 29. Qc3 Qd7 30. Qf6 Kg8 31. Qf4 Qxa4 32. Qxe4 Qd1+ 33. Kg2 g5 34. h3 1-0

[Event "Fagernes Chess GM-Swiss 2025"]
[Site "Fagernes"]
[Date "2025.04.18"]
[Round "7.33"]
[White "Halvorsen, Benjamin"]
[Black "Strand, Amund Pihl"]
[Result "1-0"]
[Annotator "NA"]
[ECO "B40"]
[WhiteElo "1966"]
[BlackElo "1914"]
[PlyCount "69"]
[EventDate "2025.04.12"]
[EventCountry "NOR"]
[SourceTitle "playchess.com"]
[Source "ChessBase"]
[SourceQuality "1"]
[TimeControl "40/6000+30:2400+30"]

1. e4 c5 2. Nf3 e6 3. g3 Nc6 4. Bg2 e5 5. O-O Be7 6. c3 Nf6 7. Re1 d6 8. d4 Bg4 9. Qd3 Bxf3 10. Bxf3 cxd4 11. b4 dxc3 12. Nxc3 O-O 13. a3 Nd4 14. Bd1 a6 15. Be3 Ne6 16. f4 h6 17. f5 Ng5 18. h4 Ngh7 19. Kg2 Rc8 20. Rc1 Qd7 21. g4 Rxc3 22. Rxc3 d5 23. Bc5 d4 24. Bxe7 Qxe7 25. Rc2 Rd8 26. Bf3 Ne8 27. Kg3 Nd6 28. Rec1 Nb5 29. Rc8 Re8 30. R1c5 f6 31. Bd1 Nf8 32. Bb3+ Kh8 33. Qc4 Nd7 34. Rxe8+ Qxe8 35. Rc8 1-0

[Event "Fagernes Chess GM-Swiss 2025"]
[Site "Fagernes"]
[Date "2025.04.19"]
[Round "8.1"]
[White "Ghosh, Diptayan"]
[Black "Urkedal, Frode Olav Olsen"]
[Result "1/2-1/2"]
[Annotator "TA"]
[ECO "E29"]
[WhiteElo "2573"]
[BlackElo "2550"]
[PlyCount "37"]
[EventDate "2025.04.12"]
[EventCountry "NOR"]
[SourceTitle "playchess.com"]
[Source "ChessBase"]
[SourceQuality "1"]
[TimeControl "40/6000+30:2400+30"]

1. d4 Nf6 2. c4 e6 3. Nc3 Bb4 4. e3 O-O 5. Bd3 c5 6. a3 Bxc3+ 7. bxc3 Nc6 8. Rb1 {[%emt 0:00:25] E29: Nimzo-Indian: Sämisch: 5...0-0 6 e3 c5 7 Bd3 Nc6.} d6 9. Ne2 e5 10. O-O h6 $146 (10... Re8 11. f3 b6 12. e4 cxd4 13. cxd4 Nxd4 14. Nxd4 exd4 15. Bg5 Re5 16. Bh4 Qe7 {1-0 Caruana,F (2805)-Deac,B (2680) Bucharest Superbet Classic 4th 2024 (4)}) 11. d5 Ne7 (11... e4 {with more complications.} 12. dxc6 exd3 13. cxb7 Bxb7 14. Rxb7 Qc8) 12. e4 Ng6 13. f3 Nh5 {[%emt 0:03:05] The position is equal.} 14. g3 Nf6 15. Be3 b6 16. Qc2 Bh3 17. Rf2 Nh7 18. Kh1 Bd7 19. Rbf1 {[%emt 0:14:21] Weighted Error Value: White=0.12 (very precise) /Black=0.13 (very precise)   Inaccurate:     	White=2     	Black=3      OK:         	White=3     	Black=6} 1/2-1/2

[Event "Fagernes Chess GM-Swiss 2025"]
[Site "Fagernes"]
[Date "2025.04.19"]
[Round "8.2"]
[White "Jumabayev, Rinat"]
[Black "Csonka, Balazs"]
[Result "1/2-1/2"]
[Annotator "RC"]
[ECO "E04"]
[WhiteElo "2549"]
[BlackElo "2459"]
[PlyCount "221"]
[EventDate "2025.04.12"]
[EventCountry "NOR"]
[SourceTitle "playchess.com"]
[Source "ChessBase"]
[SourceQuality "1"]
[TimeControl "40/6000+30:2400+30"]

1. Nf3 d5 2. g3 Nf6 3. Bg2 c5 4. O-O Nc6 5. d4 e6 6. c4 dxc4 7. Qa4 Bd7 8. Qxc4 cxd4 9. Nxd4 Rc8 10. Nc3 Nxd4 11. Qxd4 Bc5 12. Qh4 Bc6 13. Bxc6+ Rxc6 14. Rd1 Qa5 15. Bg5 Be7 16. Ne4 Qe5 17. Nxf6+ Bxf6 18. Bxf6 Qxf6 19. Qb4 Qe7 20. Qa4 O-O 21. Rac1 Rxc1 22. Rxc1 b6 23. Rd1 h6 24. Rd7 Qc5 25. Rxa7 Qc1+ 26. Kg2 Qxb2 27. e3 b5 28. Qe4 Qd2 29. Qb7 Qd5+ 30. Qxd5 exd5 31. Rd7 Ra8 32. Rxd5 Rxa2 33. Rxb5 g6 34. g4 Kg7 35. h4 Kf6 36. Kg3 g5 37. f3 Ra3 38. e4 Kg6 39. h5+ Kg7 40. Rb2 Rc3 41. Kf2 Ra3 42. Ke2 Rc3 43. Rd2 Ra3 44. Rd3 Ra2+ 45. Ke3 Ra1 46. Rc3 Rd1 47. Rb3 Kg8 48. Rd3 Ra1 49. Kd4 Kg7 50. Ke5 Ra6 51. Rd6 Ra3 52. f4 gxf4 53. Kxf4 Ra1 54. Rd3 Re1 55. e5 Rf1+ 56. Rf3 Rg1 57. Rf2 Kg8 58. Re2 Kg7 59. Re4 Rf1+ 60. Kg3 Rg1+ 61. Kf2 Ra1 62. Rf4 Ra5 63. Rf5 Ra2+ 64. Kg3 Ra3+ 65. Rf3 Ra4 66. Rf1 Rb4 67. Kf3 Rb3+ 68. Kf4 Rh3 69. Rg1 Rh2 70. Kf3 Rh3+ 71. Ke4 Rh2 72. Ke3 Ra2 73. Kf3 Ra5 74. Re1 Ra4 75. Rd1 Rb4 76. Rd7 Kg8 77. Rd6 Kg7 78. Rf6 Ra4 79. Rf5 Ra3+ 80. Kf4 Ra4+ 81. Kg3 Ra3+ 82. Rf3 Ra4 83. Rf4 Ra3+ 84. Kh4 Ra1 85. Re4 Rh1+ 86. Kg3 Rg1+ 87. Kf2 Ra1 88. Re3 Ra6 89. Kg3 Re6 90. Kf4 f6 91. exf6+ Rxf6+ 92. Ke5 Ra6 93. Kf5 Ra5+ 94. Re5 Ra7 95. Rd5 Rb7 96. Ke6 Rb6+ 97. Ke5 Rb7 98. Rd6 Rb5+ 99. Ke6 Rb7 100. Kf5 Rb5+ 101. Ke6 Rb7 102. Rd4 Ra7 103. Ke5 Ra5+ 104. Kf4 Ra7 105. Re4 Rf7+ 106. Kg3 Ra7 107. Re6 Ra3+ 108. Kf4 Ra4+ 109. Kf5 Ra5+ 110. Re5 Ra7 111. g5 1/2-1/2

[Event "Fagernes Chess GM-Swiss 2025"]
[Site "Fagernes"]
[Date "2025.04.19"]
[Round "8.3"]
[White "Raja Rithvik R"]
[Black "Kreken, Eivind Grunt"]
[Result "1/2-1/2"]
[Annotator "RC"]
[ECO "D32"]
[WhiteElo "2538"]
[BlackElo "2326"]
[PlyCount "65"]
[EventDate "2025.04.12"]
[EventCountry "NOR"]
[SourceTitle "playchess.com"]
[Source "ChessBase"]
[SourceQuality "1"]
[TimeControl "40/6000+30:2400+30"]

1. d4 d5 2. c4 e6 3. Nc3 c5 4. cxd5 exd5 5. Nf3 Nf6 6. Bg5 Be6 7. g3 Nc6 8. Bg2 h6 9. Bxf6 Qxf6 10. O-O O-O-O 11. Qa4 Kb8 12. Rad1 cxd4 13. Nxd4 Nxd4 14. Rxd4 Bc5 15. Rd3 d4 16. Ne4 Qe7 17. Nxc5 Qxc5 18. Rfd1 Rd6 19. e3 Ra6 20. Qxd4 Qxd4 21. Rxd4 Rxa2 22. Rb4 b6 23. f4 Rc8 24. Rd2 Ra1+ 25. Kf2 Rac1 26. e4 R1c2 27. Rbd4 f6 28. Ke3 Rxd2 29. Rxd2 Kc7 30. Bf1 Rd8 31. Rc2+ Kd6 32. Bb5 Rc8 33. Rd2+ 1/2-1/2

[Event "Fagernes Chess GM-Swiss 2025"]
[Site "Fagernes"]
[Date "2025.04.19"]
[Round "8.4"]
[White "Kantor, Gergely"]
[Black "Willow, Jonah B"]
[Result "1-0"]
[Annotator "TA"]
[ECO "C11"]
[WhiteElo "2578"]
[BlackElo "2471"]
[PlyCount "63"]
[EventDate "2025.04.12"]
[EventCountry "NOR"]
[SourceTitle "playchess.com"]
[Source "ChessBase"]
[SourceQuality "1"]
[TimeControl "40/6000+30:2400+30"]

1. e4 e6 2. d4 d5 3. Nc3 Nf6 4. e5 Nfd7 5. Nce2 c5 6. c3 Nc6 7. Nf3 Be7 8. a4 $146 {[%emt 0:00:08] C11: French: Classical System: 4 e5 and 4 Bg5 dxe4.} (8. g3 b5 9. h4 b4 10. Nf4 a5 11. Bd3 a4 12. a3 bxc3 13. bxc3 Qc7 14. O-O Nb6 15. Nh5 Kf8 16. Ng5 Bxg5 17. Bxg5 {1-0 Caruana,F (2805)-Erigaisi,A (2801) Wch Blitz New York 2024 (6)}) 8... O-O 9. Nf4 Qa5 $1 10. Bd2 {[%emt 0:00:29] Black is slightly better.} Qb6 11. a5 Nxa5 12. b4 cxb4 13. Bd3 Nc4 14. h4 h6 15. Rb1 a5 (15... Nxd2 $142 16. Nxd2 Qd8 (16... a5 17. Nh5 $17) 17. cxb4 Qb6 (17... Bxh4 18. Qg4 $11)) 16. Kf1 (16. Rh3 $17 {was worth a try.}) 16... a4 $1 $19 17. Nh5 (17. cxb4 $142 a3 18. Bxc4 dxc4 19. Qc2) 17... f5 $2 (17... a3 $1 $19 {[%cal Ra3a2] and ...a2 should not be overlooked} 18. cxb4 a2) 18. Rh3 Rf7 19. Rg3 Nxd2+ 20. Qxd2 Kh7 21. Ke2 {[%emt 0:08:09] [#]} (21. cxb4 $2 a3 22. Nf4 Nf8 $17) (21. Ng5+ $17 hxg5 22. hxg5) 21... g6 $1 22. Ng5+ hxg5 23. hxg5 Kg8 (23... gxh5 24. g6+ Kg8 25. gxf7+ Kxf7 26. Qh6 $18) (23... Kh8 $1 $19 {and Black stays clearly on top.} 24. Nf6 Nf8 25. Rh3+ Nh7) 24. Nf6+ $17 {[%emt 0:02:19] [#]} Kf8 $1 25. Rh3 Bxf6 (25... Rg7 $17 26. Rh8+ (26. cxb4 $2 {too greedy.} Kf7 $19) 26... Kf7 27. Nxd7 (27. cxb4 $2 Nf8 $19) 27... Bxd7 28. Rxa8 b3) 26. gxf6 $18 Ke8 27. Rxb4 Qa5 28. Rh8+ Nf8 29. Qh6 {[%emt 0:04:26][%cal Oh6g7] White wants to mate with Qg7!.} Qc7 30. Qxg6 {[%emt 0:04:27] Strongly threatening Rb1.} a3 31. Rb1 Kd8 {[%emt 0:01:20] [#]} 32. Qg7 $3 {[%emt 0:01:05][%mdl 512] Quite a comeback for White.   Weighted Error Value: White=0.28 (precise) /Black=0.63  Loses game:     	---       	Black=1      Missed win:     	---       	Black=1      Mistake:       	White=3     	Black=2      Inaccurate:     	White=2     	Black=1      OK:         	White=5     	Black=6      Best:        	White=1     	Black=2      Strong:       	---       	Black=4} 1-0

[Event "Fagernes Chess GM-Swiss 2025"]
[Site "Fagernes"]
[Date "2025.04.19"]
[Round "8.5"]
[White "Moksh Amit Doshi"]
[Black "Makhnev, Denis"]
[Result "1/2-1/2"]
[Annotator "RC"]
[ECO "E92"]
[WhiteElo "2369"]
[BlackElo "2537"]
[PlyCount "21"]
[EventDate "2025.04.12"]
[EventCountry "NOR"]
[SourceTitle "playchess.com"]
[Source "ChessBase"]
[SourceQuality "1"]
[TimeControl "40/6000+30:2400+30"]

1. d4 Nf6 2. c4 g6 3. Nc3 Bg7 4. e4 d6 5. Nf3 O-O 6. Be2 e5 7. dxe5 dxe5 8. Qxd8 Rxd8 9. Bg5 Re8 10. Nd5 Nxd5 11. cxd5 1/2-1/2

[Event "Fagernes Chess GM-Swiss 2025"]
[Site "Fagernes"]
[Date "2025.04.19"]
[Round "8.6"]
[White "Kulaots, Kaido"]
[Black "Zhou, Yang-Fan"]
[Result "1/2-1/2"]
[Annotator "RC"]
[ECO "B23"]
[WhiteElo "2510"]
[BlackElo "2418"]
[PlyCount "38"]
[EventDate "2025.04.12"]
[EventCountry "NOR"]
[SourceTitle "playchess.com"]
[Source "ChessBase"]
[SourceQuality "1"]
[TimeControl "40/6000+30:2400+30"]

1. e4 c5 2. Nc3 a6 3. Nge2 d6 4. g3 e5 5. Bg2 g6 6. d3 Bg7 7. a3 Nc6 8. Nd5 Nge7 9. Nec3 Nxd5 10. Nxd5 Be6 11. b4 cxb4 12. axb4 O-O 13. O-O Rc8 14. Bd2 f5 15. exf5 gxf5 16. b5 axb5 17. Rb1 f4 18. c3 b4 19. Nxb4 d5 1/2-1/2

[Event "Fagernes Chess GM-Swiss 2025"]
[Site "Fagernes"]
[Date "2025.04.19"]
[Round "8.7"]
[White "Kaasen, Tor Fredrik"]
[Black "Ghasi, Ameet K"]
[Result "1/2-1/2"]
[Annotator "RC"]
[ECO "E73"]
[WhiteElo "2472"]
[BlackElo "2502"]
[PlyCount "220"]
[EventDate "2025.04.12"]
[EventCountry "NOR"]
[SourceTitle "playchess.com"]
[Source "ChessBase"]
[SourceQuality "1"]
[TimeControl "40/6000+30:2400+30"]

1. d4 Nf6 2. c4 g6 3. Nc3 Bg7 4. e4 d6 5. Be2 O-O 6. Be3 Na6 7. h4 h5 8. Nf3 Ng4 9. Bg5 c6 10. O-O f6 11. Bd2 e5 12. Rb1 exd4 13. Nxd4 f5 14. Nf3 f4 15. b4 Ne5 16. Na4 Nxf3+ 17. Bxf3 Qxh4 18. b5 Nc5 19. bxc6 bxc6 20. Nxc5 dxc5 21. Qa4 g5 22. Qxc6 g4 23. Qxa8 gxf3 24. e5 fxg2 25. Qxg2 Rf5 26. Qh2 Qd8 27. Bxf4 Be6 28. Rfd1 Qe8 29. Qh4 Qg6+ 30. Kh2 Qf7 31. Bg3 Kh7 32. Rd6 Bf8 33. Rxe6 Qxe6 34. Rb7+ Bg7 35. Rxa7 Qg6 36. Rd7 Rg5 37. Rd6 Qf5 38. Qf4 h4 39. Qxf5+ Rxf5 40. Bxh4 Bxe5+ 41. Bg3 Rxf2+ 42. Kh3 Rf3 43. Rd5 Rxg3+ 44. Kh4 Re3 45. Rxc5 Kg6 46. Kg4 Rg3+ 47. Kh4 Rg5 48. Rd5 Kf6 49. Rd8 Kf5 50. Rf8+ Bf6 51. Kh3 Rg6 52. Re8 Be5 53. Rf8+ Ke4 54. Rf1 Bf4 55. c5 Rg3+ 56. Kh2 Rg6+ 57. Kh3 Be3 58. a4 Bxc5 59. a5 Be3 60. a6 Rxa6 61. Kg4 Rg6+ 62. Kh3 Bf4 63. Re1+ Kf5 64. Rf1 Rh6+ 65. Kg2 Kg4 66. Rf2 Re6 67. Kf1 Kg3 68. Rg2+ Kf3 69. Rf2+ Ke4 70. Ra2 Rg6 71. Rg2 Rh6 72. Ke2 Rd6 73. Kf1 Be3 74. Ke2 Rc6 75. Rg4+ Bf4 76. Rg2 Rh6 77. Kf1 Be3 78. Ke2 Rh4 79. Kf1 Kd3 80. Rg3 Rh2 81. Rf3 Ke4 82. Rg3 Kf4 83. Rg2 Rh8 84. Ke2 Rd8 85. Kf1 Kf3 86. Rf2+ Ke4 87. Rg2 Kd3 88. Rg7 Rf8+ 89. Kg2 Ke2 90. Kh3 Rf1 91. Rg2+ Bf2 92. Rg5 Be3 93. Rg2+ Kf3 94. Rg3+ Kf4 95. Rg4+ Kf5 96. Ra4 Bc5 97. Kg2 Rf2+ 98. Kg3 Rc2 99. Rf4+ Ke5 100. Ra4 Bd4 101. Kf3 Rc3+ 102. Kg4 Ke4 103. Ra8 Rc2 104. Ra3 Rc7 105. Ra4 Rg7+ 106. Kh4 Ke5 107. Kh3 Be3 108. Rg4 Rf7 109. Kg3 Bf4+ 110. Kg2 Bg3 1/2-1/2

[Event "Fagernes Chess GM-Swiss 2025"]
[Site "Fagernes"]
[Date "2025.04.19"]
[Round "8.8"]
[White "Urazayev, Arystanbek"]
[Black "Kvaloy, Aksel Bu"]
[Result "1-0"]
[Annotator "RC"]
[ECO "C02"]
[WhiteElo "2467"]
[BlackElo "2481"]
[PlyCount "119"]
[EventDate "2025.04.12"]
[EventCountry "NOR"]
[SourceTitle "playchess.com"]
[Source "ChessBase"]
[SourceQuality "1"]
[TimeControl "40/6000+30:2400+30"]

1. e4 e6 2. d4 d5 3. e5 c5 4. c3 Nc6 5. Nf3 Bd7 6. Be2 f6 7. O-O fxe5 8. Nxe5 Nxe5 9. dxe5 Qc7 10. Re1 O-O-O 11. Nd2 Qxe5 12. Nf3 Qc7 13. Ng5 Nh6 14. Bh5 Bd6 15. g3 g6 16. Nxe6 Bxe6 17. Rxe6 Qd7 18. Qxd5 Bxg3 19. Qxc5+ Bc7 20. Re7 Qd6 21. Qxd6 Bxd6 22. Re4 gxh5 23. Bxh6 Rhg8+ 24. Kh1 Rg4 25. Rxg4 hxg4 26. Rd1 Bc7 27. Rxd8+ Kxd8 28. Kg2 Ke7 29. h3 gxh3+ 30. Kxh3 Kf6 31. Kg4 Kg6 32. Bf4 Bd8 33. Bb8 Bb6 34. Bg3 h5+ 35. Kf4 Bd8 36. Ke4 Kg5 37. f3 a6 38. a4 Bb6 39. Bd6 h4 40. f4+ Kf6 41. Be5+ Kg6 42. b4 h3 43. f5+ Kg5 44. Bf4+ Kf6 45. Bh2 Bf2 46. c4 Be1 47. b5 axb5 48. axb5 Bf2 49. Be5+ Kg5 50. Bf4+ Kf6 51. Bh2 Bb6 52. Be5+ Kg5 53. f6 Bd8 54. f7 Be7 55. Kd5 Kg6 56. Ke6 Bc5 57. b6 Bf8 58. Bh2 Kg7 59. Bg1 Bb4 60. c5 1-0

[Event "Fagernes Chess GM-Swiss 2025"]
[Site "Fagernes"]
[Date "2025.04.19"]
[Round "8.9"]
[White "Johansson, Linus"]
[Black "Mitusov, Semen"]
[Result "1/2-1/2"]
[Annotator "RC"]
[ECO "B00"]
[WhiteElo "2392"]
[BlackElo "2459"]
[PlyCount "133"]
[EventDate "2025.04.12"]
[EventCountry "NOR"]
[SourceTitle "playchess.com"]
[Source "ChessBase"]
[SourceQuality "1"]
[TimeControl "40/6000+30:2400+30"]

1. d4 a6 2. e4 c6 3. Nf3 d5 4. Nc3 Bg4 5. h3 Bxf3 6. Qxf3 e6 7. Bd3 Nf6 8. e5 Nfd7 9. Ne2 c5 10. c3 cxd4 11. cxd4 Bb4+ 12. Kf1 Nc6 13. a3 Be7 14. Bd2 Qb6 15. Bc3 Rf8 16. Qg4 g5 17. h4 h6 18. hxg5 hxg5 19. Rh6 O-O-O 20. Kg1 Rh8 21. Rxh8 Rxh8 22. g3 Qd8 23. Kg2 Qg8 24. Rh1 f5 25. exf6 Rxh1 26. Kxh1 Nxf6 27. Qf3 Kd7 28. Kg2 Qg7 29. Nc1 g4 30. Qd1 Qg5 31. Bd2 Qh5 32. Be3 Bd6 33. Qh1 Qxh1+ 34. Kxh1 Ne7 35. Nb3 Nf5 36. Bc1 Kc6 37. Kg2 b5 38. Kf1 Bf8 39. Bf4 Ng8 40. Be5 Ngh6 41. Be2 Be7 42. Ke1 Kb6 43. Kd1 a5 44. Nc1 Nd6 45. Bf4 Nhf5 46. Bxg4 Nxd4 47. Be3 e5 48. Nd3 Nc4 49. Bxd4+ exd4 50. Bd7 a4 51. f4 b4 52. axb4 Nxb2+ 53. Nxb2 a3 54. Kc2 axb2 55. Bf5 Bxb4 56. Kd1 Kc7 57. Ke2 Kd8 58. g4 Ke7 59. g5 Kf7 60. Kf3 Kg7 61. Bd3 Bd6 62. Kg4 Bc7 63. f5 Bd8 64. Kf4 Bc7+ 65. Kg4 Bd8 66. f6+ Bxf6 67. gxf6+ 1/2-1/2

[Event "Fagernes Chess GM-Swiss 2025"]
[Site "Fagernes"]
[Date "2025.04.19"]
[Round "8.10"]
[White "Rozentalis, Eduardas"]
[Black "Hillarp Persson, Tiger"]
[Result "1/2-1/2"]
[Annotator "RC"]
[ECO "B51"]
[WhiteElo "2481"]
[BlackElo "2462"]
[PlyCount "85"]
[EventDate "2025.04.12"]
[EventCountry "NOR"]
[SourceTitle "playchess.com"]
[Source "ChessBase"]
[SourceQuality "1"]
[TimeControl "40/6000+30:2400+30"]

1. e4 c5 2. Nf3 d6 3. Bb5+ Nd7 4. Ba4 Ngf6 5. O-O e6 6. d3 Be7 7. c4 O-O 8. Nc3 Ne5 9. a3 Bd7 10. Bc2 Qc7 11. Nxe5 dxe5 12. Qe2 h6 13. g3 a6 14. a4 Bc6 15. f4 exf4 16. gxf4 Nh7 17. Be3 f5 18. Rf2 Kh8 19. Raf1 Rad8 20. Rg2 Nf6 21. h3 Be8 22. Kh1 Nh5 23. Qf3 Nf6 24. Rfg1 Rg8 25. Qf2 Bf8 26. Qh4 Bf7 27. b3 Be7 28. Qf2 g6 29. Nb1 Be8 30. Nd2 Kh7 31. Nf3 Rc8 32. Ne5 Nd7 33. d4 cxd4 34. Bxd4 Nxe5 35. Bxe5 Bd6 36. exf5 exf5 37. Bxf5 gxf5 38. Rg7+ Rxg7 39. Rxg7+ Qxg7 40. Bxg7 Bc6+ 41. Kh2 Rg8 42. Be5 Be7 43. h4 1/2-1/2

[Event "Fagernes Chess GM-Swiss 2025"]
[Site "Fagernes"]
[Date "2025.04.19"]
[Round "8.11"]
[White "Lund, Gunnar"]
[Black "Bazakutsa, Svyatoslav"]
[Result "0-1"]
[Annotator "RC"]
[ECO "B22"]
[WhiteElo "2341"]
[BlackElo "2474"]
[PlyCount "106"]
[EventDate "2025.04.12"]
[EventCountry "NOR"]
[SourceTitle "playchess.com"]
[Source "ChessBase"]
[SourceQuality "1"]
[TimeControl "40/6000+30:2400+30"]

1. e4 c5 2. c3 d5 3. exd5 Qxd5 4. d4 Nf6 5. Nf3 Nc6 6. Be2 e6 7. Na3 Be7 8. O-O O-O 9. dxc5 Bxc5 10. Qxd5 Nxd5 11. Nc2 f6 12. Rd1 Rd8 13. c4 Nc7 14. Rxd8+ Nxd8 15. Be3 Be7 16. Nd2 e5 17. Ne4 f5 18. Bc5 Kf8 19. Bxe7+ Kxe7 20. Nc3 b6 21. Ne3 Nc6 22. f4 Be6 23. fxe5 Nxe5 24. Rd1 Rd8 25. Rxd8 Kxd8 26. b3 Ke7 27. Kf2 Kd6 28. Nc2 g5 29. g3 Bd7 30. Nb1 Ne6 31. Nd2 Bc6 32. Ke3 f4+ 33. Kf2 Ke7 34. Nb4 Bb7 35. Nd3 Kd6 36. b4 h6 37. a3 Nxd3+ 38. Bxd3 Ke5 39. Nb3 Be4 40. Bxe4 Kxe4 41. a4 fxg3+ 42. Kxg3 Nd4 43. c5 Nxb3 44. c6 Nd4 45. c7 Nf5+ 46. Kg4 Ne7 47. Kh5 Ke5 48. Kxh6 g4 49. Kg5 Kd6 50. Kxg4 Kxc7 51. h4 Kd6 52. a5 b5 53. Kf4 Ng6+ 0-1

[Event "Fagernes Chess GM-Swiss 2025"]
[Site "Fagernes"]
[Date "2025.04.19"]
[Round "8.12"]
[White "Dotzer, Lukas"]
[Black "Grave, Jacob Templen"]
[Result "1/2-1/2"]
[Annotator "RC"]
[ECO "C88"]
[WhiteElo "2453"]
[BlackElo "2337"]
[PlyCount "127"]
[EventDate "2025.04.12"]
[EventCountry "NOR"]
[SourceTitle "playchess.com"]
[Source "ChessBase"]
[SourceQuality "1"]
[TimeControl "40/6000+30:2400+30"]

1. e4 e5 2. Nf3 Nc6 3. Bb5 a6 4. Ba4 Nf6 5. O-O Be7 6. Re1 b5 7. Bb3 O-O 8. a4 Bb7 9. d3 d6 10. Nbd2 Nd7 11. c3 Nc5 12. axb5 axb5 13. Rxa8 Qxa8 14. Bc2 b4 15. d4 bxc3 16. bxc3 Nd7 17. Nc4 exd4 18. cxd4 Nb4 19. Ba4 Nf6 20. d5 c6 21. e5 Nfxd5 22. exd6 Bf6 23. d7 Nc3 24. Qd6 Nxa4 25. Qxb4 c5 26. Qa3 Bd5 27. Nfe5 Be6 28. Bf4 Rd8 29. Rd1 Qe4 30. Qxa4 Qxf4 31. g3 Qe4 32. Qc6 Qxc6 33. Nxc6 Rxd7 34. Nd6 h5 35. Nb8 Rd8 36. Nc6 Rd7 37. Nb8 Ra7 38. Ne4 Bd4 39. Nc6 Rd7 40. Nxd4 Rxd4 41. Rxd4 cxd4 42. Nd2 Kf8 43. Kf1 Ke7 44. Nf3 d3 45. Ke1 Kf6 46. Kd2 Bc4 47. Ne1 Kf5 48. f3 Ba6 49. Nxd3 g6 50. Nc5 Bc4 51. Ke3 Bd5 52. Nd3 Bc6 53. Nc1 Bd5 54. Ne2 Ke5 55. Nd4 Bb7 56. f4+ Kf6 57. Kd3 Bd5 58. h4 Ba2 59. Kc3 Bb1 60. Kc4 Be4 61. Kc5 Ke7 62. Nb5 Ke6 63. Nd4+ Ke7 64. Nb5 1/2-1/2

[Event "Fagernes Chess GM-Swiss 2025"]
[Site "Fagernes"]
[Date "2025.04.19"]
[Round "8.13"]
[White "Miezis, Normunds"]
[Black "Southcott-Moyers, Indy"]
[Result "1/2-1/2"]
[Annotator "RC"]
[ECO "C01"]
[WhiteElo "2409"]
[BlackElo "2227"]
[PlyCount "95"]
[EventDate "2025.04.12"]
[EventCountry "NOR"]
[SourceTitle "playchess.com"]
[Source "ChessBase"]
[SourceQuality "1"]
[TimeControl "40/6000+30:2400+30"]

1. c4 e6 2. e4 d5 3. exd5 exd5 4. d4 Nf6 5. Nc3 Bb4 6. Bd3 dxc4 7. Bxc4 O-O 8. Nf3 Nc6 9. O-O Bg4 10. Be3 Qd6 11. Be2 Rad8 12. Rc1 a6 13. h3 Bxf3 14. Bxf3 Nxd4 15. Bxd4 Qxd4 16. Qxd4 Rxd4 17. Bxb7 a5 18. a3 Bd6 19. Nb5 Rd2 20. Nxd6 cxd6 21. b4 axb4 22. axb4 Rb8 23. b5 Kf8 24. Bc6 Nd5 25. Rfe1 Nb4 26. Re4 Nxc6 27. bxc6 Rc8 28. Rb4 Re2 29. Rb7 Re7 30. Ra1 Re6 31. g4 g5 32. Raa7 Rf6 33. Rc7 Rxc7 34. Rxc7 d5 35. f4 Rxf4 36. Rd7 Rc4 37. c7 Kg7 38. Rxd5 Rxc7 39. Rxg5+ Kf8 40. Kg2 Rc3 41. Rf5 Kg7 42. Rf3 Rxf3 43. Kxf3 Kg6 44. Kf4 h5 45. gxh5+ Kxh5 46. Kf5 Kh4 47. Kf6 Kxh3 48. Kxf7 1/2-1/2